 Dungeon Crawl Stone Soup version 0.29.0-4-gdea44cf6ec (webtiles) character file.

Game seed: 15442154347975583958

368 qw the Ruffian (level 6, 0/48 HPs)
             Began as a Ghoul Fire Elementalist on Aug 29, 2022.
             Slain by an iguana (4 damage)
             ... on level 4 of the Dungeon.
             The game lasted 00:03:23 (4117 turns).

qw the Ruffian (Ghoul Fire Elementalist)            Turns: 4117, Time: 00:03:24

Health: 0/48       AC: 15    Str: 14    XL:     6   Next: 69%
Magic:  7/7        EV:  6    Int:  6    God:
Gold:   93         SH:  0    Dex:  9    Spells: 7/8 levels left

rFire   . . .      SeeInvis +     - Unarmed
rCold   + . .      Faith    .   (no shield)
rNeg    + + +      Spirit   .   d - +0 chain mail
rPois   inf        Reflect  .   b - +4 helmet of Cuzores {rN+ Int-4 Stlth+}
rElec   .          Harm     .   (no cloak)
rCorr   .          Rampage  .   q - +0 pair of gloves
Will    +....                   (no boots)
Stlth   ..........              (no amulet)
HPRegen 0.00/turn               j - ring of see invisible
MPRegen 0.10/turn               l - ring of willpower

@: about to teleport, inhibited regen
A: claws 1, cold resistance 1, negative energy resistance 3, inhibited
regeneration, torment resistance 2, devour on kill
a: no special abilities


You were on level 4 of the Dungeon.
You visited 1 branch of the dungeon, and saw 4 of its levels.

You collected 93 gold pieces.


Innate Abilities, Weirdness & Mutations

You are immune to poison.
You have sharp fingernails.
Your flesh is cold resistant. (rC+)
You are immune to negative energy. (rN+++)
You do not regenerate when monsters are visible.
You are immune to unholy pain and torment.
You thrive by killing the living.


   Skills:
 + Level 1.8 Fighting
 - Level 4.0 Armour
 - Level 1.7 Dodging
 - Level 2.1 Stealth
 - Level 4.5 Unarmed Combat
 - Level 1.7 Spellcasting
 - Level 0.7 Conjurations
 - Level 2.4 Fire Magic


You had 7 spell levels left.
You knew the following spells:

 Your Spells              Type           Power      Damage    Failure   Level
a - Foxfire               Conj/Fire      8%         2x1d4     99%         1

Your spell library contained the following spells:

 Spells                   Type           Power      Damage    Failure   Level
 Scorch                   Fire           6%         2d5       99%         2
 Conjure Flame            Conj/Fire      2%         6-21      100%        3
 Inner Flame              Hex/Fire       1%         N/A       100%        3
 Flame Wave               Conj/Fire      2%         2d4       100%        4

Inventory:

Armour
 b - the +4 helmet of Cuzores (worn) {rN+ Int-4 Stlth+}
   (You found it on level 2 of the Dungeon)

   Int:       It affects your intelligence (-4).
   rN:        It protects you from negative energy.
   Stlth:     It makes you more stealthy.
 d - a +0 chain mail (worn)
 q - a +0 pair of gloves (worn)
Jewellery
 c - a ring of ice
 j - a ring of see invisible (left hand)
 l - a ring of willpower (right hand)
Scrolls
 a - a scroll of identify
 e - a scroll of enchant weapon
Potions
 f - a potion of haste
 g - a potion of heal wounds
 i - a potion of resistance
 m - a potion of might {unknown}
 o - a potion of curing {unknown}
 p - a potion of ambrosia {unknown}

Dungeon Overview and Level Annotations

Branches:
Dungeon (4/15)
 Temple: D:4-7

Altars:

Annotations:
D:1 1 runed translucent door
D:4 Blork the orc


Message History

Blork the orc is almost dead.
Blork the orc looks encouraged for a moment.
The iguana closely misses you.
You closely miss Blork the orc.
Blork the orc is almost dead.
Blork the orc barely misses you.
The iguana bites you but does no damage.
You closely miss Blork the orc.
Blork the orc is almost dead.
The iguana barely misses you. Blork the orc barely misses you.
You barely miss Blork the orc.
Blork the orc is almost dead.
Blork the orc hits you but does no damage.
The iguana bites you.
You closely miss Blork the orc.
Blork the orc is almost dead.
Blork the orc hits you but does no damage.
The iguana bites you but does no damage.
You closely miss Blork the orc.
Blork the orc is almost dead.
You hit Blork the orc.
Blork the orc is almost dead.
Blork the orc looks braver for a moment.
The iguana bites you but does no damage.
You hit Blork the orc but do no damage.
Blork the orc is almost dead.
Blork the orc gestures at you while chanting.
The magic dart hits you but does no damage.
The iguana bites you.
You barely miss Blork the orc.
Blork the orc is almost dead.
Blork the orc begins to cast a cantrip, but forgets the words!
The iguana bites you!
4117 ||| READING scroll of teleportation.
As you read the scroll of teleportation, it crumbles to dust.
You feel strangely unstable. Blork the orc casts a spell at you.
The puff of flame hits you but does no damage.
The iguana bites you.
You die...

#.# #.#
##<# #.#
#.# #)#
#.# #.#
#)# #.#
#.# #.#
#.# #.#
#.#
#.####.#
#.#
#......#
#.#
#####..#
#.# #@.#
#.# #ol#
#.. #..#
#...
#.###
#.# #.#
#.#


You could see Blork the orc and an iguana.

Vanquished Creatures
  Grinder (D:3)
  A scorpion (D:3)
  Robin (D:4)
  An adder (D:2)
  2 worms
  3 dart slugs (D:1)
  An orc (D:3)
  6 endoplasms
  4 giant cockroaches
  14 goblins
  9 hobgoblins
  5 quokkas
  5 ball pythons
  7 bats
  8 frilled lizards
  4 kobolds
  7 rats
79 creatures vanquished.

Notes
Turn   | Place    | Note
-------+----------+-------------------------------------------
     0 | D:1      | qw the Ghoul Fire Elementalist began the quest for the Orb.
     0 | D:1      | Reached XP level 1. HP: 14/14 MP: 2/2
     0 | D:1      | Noticed a jelly
     0 | D:1      | 0 ||| qw: Version: 0.1-a-90-g952f4b7
     0 | D:1      | 0 ||| qw: Game counter: 4023
     0 | D:1      | 0 ||| qw: Always use a shield: true
     0 | D:1      | 0 ||| qw: God list: Okawaru
     0 | D:1      | 0 ||| qw: Allow faded altars: false
     0 | D:1      | 0 ||| qw: Do Orc after D:15 true
     0 | D:1      | 0 ||| qw: Do second Lair branch before Depths: true
     0 | D:1      | 0 ||| qw: Lair rune preference: random
     0 | D:1      | 0 ||| qw: Plans: Normal
     0 | D:1      | 0 ||| PLANNING D:1-11
     1 | D:1      | Found a runed translucent door.
     2 | D:1      | Noticed a jelly
    46 | D:1      | 46 ||| Stepping ~*~*~tactically~*~*~ (hiding).
   148 | D:1      | 148 ||| Stepping ~*~*~tactically~*~*~ (hiding).
   155 | D:1      | Reached skill level 1 in Unarmed Combat
   276 | D:1      | Reached XP level 2. HP: 19/22 MP: 3/3
   341 | D:1      | 341 ||| Stepping ~*~*~tactically~*~*~ (hiding).
   443 | D:1      | 443 ||| Stepping ~*~*~tactically~*~*~ (hiding).
   449 | D:1      | Reached skill level 1 in Fighting
   552 | D:1      | 552 ||| Stepping ~*~*~tactically~*~*~ (hiding).
   654 | D:1      | 654 ||| Stepping ~*~*~tactically~*~*~ (hiding).
   756 | D:1      | 756 ||| Stepping ~*~*~tactically~*~*~ (hiding).
   858 | D:1      | 858 ||| Stepping ~*~*~tactically~*~*~ (hiding).
   960 | D:1      | 960 ||| Stepping ~*~*~tactically~*~*~ (hiding).
  1390 | D:1      | Reached XP level 3. HP: 28/28 MP: 4/4
  1891 | D:1      | 1891 ||| UPGRADING to +0 chain mail.
  1901 | D:1      | 1901 ||| DROPPING +0 robe.
  1902 | D:1      | 1902 ||| READING 2 scrolls labelled YKIASE ENKAODESA.
  1903 | D:1      | 1903 ||| READING scroll labelled YNLAVAU ITOFI.
  1904 | D:1      | 1904 ||| READING scroll labelled NIM LAUPHYZXO.
  1929 | D:1      | 1929 ||| DROPPING potion of magic.
  2030 | D:2      | 2030 ||| Stepping ~*~*~tactically~*~*~ (stealth).
  2041 | D:2      | Reached skill level 3 in Unarmed Combat
  2085 | D:2      | 2085 ||| FLEEEEING.
  2086 | D:2      | 2086 ||| FLEEEEING.
  2087 | D:2      | 2087 ||| FLEEEEING.
  2088 | D:2      | 2088 ||| FLEEEEING.
  2089 | D:2      | 2089 ||| FLEEEEING.
  2090 | D:2      | 2090 ||| FLEEEEING.
  2091 | D:2      | 2091 ||| FLEEEEING.
  2092 | D:2      | 2092 ||| FLEEEEING.
  2093 | D:2      | 2093 ||| FLEEEEING.
  2094 | D:2      | 2094 ||| STAIRDANCE
  2180 | D:2      | 2180 ||| Stepping ~*~*~tactically~*~*~ (stealth).
  2181 | D:2      | 2181 ||| Stepping ~*~*~tactically~*~*~ (stealth).
  2184 | D:2      | 2184 ||| Stepping ~*~*~tactically~*~*~ (stealth).
  2207 | D:2      | Identified the +4 helmet of Cuzores {rN+ Int-4 Stlth+}
  2405 | D:2      | 2405 ||| Stepping ~*~*~tactically~*~*~ (stealth).
  2458 | D:2      | Reached XP level 4. HP: 35/35 MP: 5/5
  2796 | D:2      | 2796 ||| UPGRADING to +4 helmet of Cuzores {rN+ Int-4
                  | Stlth+}.
  2801 | D:2      | 2801 ||| UPGRADING to ring of see invisible.
  2802 | D:2      | 2802 ||| UPGRADING to ring of willpower.
  2833 | D:3      | 2833 ||| STAIRDANCE
  2879 | D:3      | Noticed Grinder
  2897 | D:3      | Paralysed by Grinder for 4 turns
  2906 | D:3      | Paralysed by Grinder for 4 turns
  2926 | D:3      | Killed Grinder
  2927 | D:3      | Reached XP level 5. HP: 13/40 MP: 6/6
  2927 | D:3      | Reached XP level 6. HP: 15/47 MP: 7/7
  3194 | D:3      | 3194 ||| Stepping ~*~*~tactically~*~*~ (stealth).
  3195 | D:3      | 3195 ||| Stepping ~*~*~tactically~*~*~ (stealth).
  3273 | D:3      | 3273 ||| Stepping ~*~*~tactically~*~*~ (stealth).
  3294 | D:3      | 3294 ||| Stepping ~*~*~tactically~*~*~ (stealth).
  3295 | D:3      | 3295 ||| Stepping ~*~*~tactically~*~*~ (stealth).
  3296 | D:3      | 3296 ||| Stepping ~*~*~tactically~*~*~ (stealth).
  3297 | D:3      | 3297 ||| Stepping ~*~*~tactically~*~*~ (stealth).
  3689 | D:3      | 3689 ||| FLEEEEING.
  3868 | D:3      | 3868 ||| UPGRADING to +0 pair of gloves.
  3873 | D:3      | 3873 ||| READING scroll labelled XERCHYO KUFAUF.
  3874 | D:3      | 3874 ||| READING scroll labelled QOIMPEL BEPHIUG.
  3875 | D:3      | 3875 ||| READING 2 scrolls labelled SEOTWO YQOAVIU.
  3876 | D:3      | 3876 ||| READING 5 scrolls of identify.
  3876 | D:3      | 3876 ||| IDENTIFYING orange potion
  3877 | D:3      | 3877 ||| READING 4 scrolls of identify.
  3877 | D:3      | 3877 ||| IDENTIFYING pink potion
  3878 | D:3      | 3878 ||| READING 3 scrolls of identify.
  3878 | D:3      | 3878 ||| IDENTIFYING white potion
  3879 | D:3      | 3879 ||| READING 2 scrolls of identify.
  3879 | D:3      | 3879 ||| IDENTIFYING metallic coppery potion
  3880 | D:3      | 3880 ||| DROPPING potion of attraction.
  3881 | D:3      | 3881 ||| DROPPING scroll of immolation.
  3908 | D:4      | 3908 ||| Stepping ~*~*~tactically~*~*~ (stealth).
  3919 | D:4      | 3919 ||| Stepping ~*~*~tactically~*~*~ (stealth).
  3925 | D:4      | Noticed Robin
  3941 | D:4      | Killed Robin
  4089 | D:4      | Noticed Blork the orc
  4116 | D:4      | HP: 4/48 [iguana (11)]
  4117 | D:4      | 4117 ||| READING scroll of teleportation.
  4117 | D:4      | Slain by an iguana

Levels and vault maps discovered:
D:1:      dpeg_arrival_caged_fury, layout_loops_ring
D:2:      layout_loops_ring
D:3:      layout_loops_ring, minmay_circle_x, uniq_grinder
D:4:      layout_loops_ring, mainiacjoe_overflow_alcove_2,
          nicolae_dithmenos_the_darkroom, st_stairs_3, minmay_checkerbox,
          uniq_robin, uniq_ijyb, uniq_blork_the_orc

Skill      XL: |  1  2  3  4  5  6 |
---------------+-------------------+-----
Unarmed Combat | 1 2 3 4 |  4.5
Fighting       | 1 |  1.8
Armour         | 4 |  4.0
Dodging        | |  1.7
Stealth        | |  2.1
Spellcasting   | |  1.7
Conjurations   | |  0.7
Fire Magic     | |  2.4

Action                   |  1- 3 |  4- 6 || total
-------------------------+-------+-------++-------
Melee: Unarmed           |   124 |   218 ||   342
       Punch             |     2 |     4 ||     6
  Use: Scroll            |     3 |     8 ||    11
 Stab: Sleeping          |     1 |       ||     1
Armor: Robe              |    10 |       ||    10
       Chain mail        |    23 |   115 ||   138
Dodge: Dodged            |    41 |    61 ||   102

Table legend:
 A = Non-vault XP
 B = Vault XP
 C = Vault XP percentage of total XP
 D = Non-vault monster count
 E = Vault monster count
 F = Vault count percentage of total count
                 A         B        C        D         E       F
            +---------+---------+-------+---------+---------+-------
      Total |     206 |     320 |  60.8 |      62 |      17 |  21.5
            +---------+---------+-------+---------+---------+-------
        D:1 |      51 |       0 |   0.0 |      28 |       0 |   0.0
        D:2 |      41 |       0 |   0.0 |      17 |       0 |   0.0
        D:3 |     108 |     284 |  72.4 |      14 |       6 |  30.0
        D:4 |       6 |      36 |  85.7 |       3 |      11 |  78.6
            +---------+---------+-------+---------+---------+-------
